AoeStats
← carloscanon98

Arena

510083585Analyzed
1v1 RM · 2d ago on Sep 29, 2026· 57m 51s· 2 players
Game mode
Random Map
Map size
Tiny (2 player)
Population
200
Speed
Normal
Resources
Standard
Victory
Conquest
Starting age
Dark Age
Ending age
Imperial Age
RankedLock teamsTeams togetherTeam positionsShared explorationLock speedFull tech treeHidden civsTurbo modeCheats
Victory
Defeat
🇹🇷 Franks · Türkiye
307
+19
🇨🇴 Goths · Colombia
369
-19
harun4478
12:58 Feudal Age
17:05 Double-Bit Axe
23:14 Castle Age
22:55 Forging
24:19 Husbandry
24:29 Scale Barding Armor
32:02 Scale Mail Armor
34:41 Chain Barding Armor
35:25 Wheelbarrow
36:53 Iron Casting
36:34 Chain Mail Armor
38:35 Elite Skirmisher
39:44 Fletching
43:35 Gold Mining
44:40 Bow Saw
46:15 Stone Mining
51:26 Imperial Age
51:33 Elite Throwing Axeman
57:38 Chemistry
56:58 Ballistics
carloscanon98
2:06 Loom
20:02 Feudal Age
20:06 Man-at-Arms
21:33 Wheelbarrow
20:45 Double-Bit Axe
20:46 Horse Collar
21:04 Gold Mining
21:05 Stone Mining
25:53 Scale Mail Armor
26:03 Forging
31:50 Castle Age
31:46 Fletching
31:56 Padded Archer Armor
32:31 Bodkin Arrow
32:41 Heavy Plow
32:57 Squires
32:54 Elite Skirmisher
32:58 Long Swordsman
34:04 Bow Saw
33:40 Pikeman
35:12 Leather Archer Armor
35:46 Chain Mail Armor
36:13 Iron Casting
38:01 Stone Shaft Mining
38:02 Fervor
43:15 Anarchy
45:49 Hand Cart
46:15 Town Watch
49:02 Imperial Age
47:17 Scale Barding Armor
53:12 Two-Man Saw
52:02 Elite Huskarl
52:43 Perfusion
52:36 Two-Handed Swordsman
54:15 Crop Rotation
55:19 Blast Furnace
54:50 Ring Archer Armor
55:25 Bracer
57:14 Chemistry
56:35 Ballistics
56:21 Champion
Connection lost

Rejoining the realm…

Still unreachable

The connection could not be restored.

Session expired

The server has moved on; the page needs a fresh start.